Map: King's Cove LE

Players

Pandamonium

  • Race: Zerg Zerg
  • Spawn Location: 5:00

Smeeeger - Winner!

  • Race: Zerg Zerg
  • League: Platinum
  • Spawn Location: 11:00

VOD

Have the link to the VOD?

Description

Time

  • Played on: July 19, 2019, 10:11 a.m.
  • Length: 12:20
Show
View Real Time Build Order
Export as new Build Order

Pandamonium Zerg 

Build Orders: Hatch First 

Get SALT Encoding   

  12  0:01  Drone  
  13  0:13  Overlord  
  13  0:21  Drone  
  14  0:33  Drone x2  
  16  0:37  Drone  
  17  0:51  Drone  
  18  1:00  Hatchery  
  17  1:05  Drone  
  17  1:07  Extractor  
  17  1:09  Drone  
  18  1:19  Drone  
  19  1:26  Spawning Pool  
  19  1:29  Drone  
  19  1:41  Overlord  
  19  1:52  Drone  
  20  2:01  Drone  
  21  2:13  Drone  
  21  2:14  Drone  
  23  2:18  Lair  
  23  2:23  Drone, Queen  
  23  2:25  Drone  
  27  2:38  Drone  
  27  2:39  Drone  
  29  2:48  Drone x2  
  31  2:56  Drone  
  31  2:57  Drone  
  33  3:01  Queen  
  35  3:10  Drone  
  34  3:37  Evolution Chamber  
  33  3:44  Roach Warren  
  33  3:45  Evolution Chamber  
  33  3:47  Queen  
  33  3:48  Drone  
  33  3:49  Drone x2, Overlord  
  33  3:50  Overlord  
  33  3:53  Extractor  
  35  3:58  Drone  
  36  4:04  Zerg Missile Weapons Level 1  
  36  4:10  Zerg Ground Armor Level 1  
  36  4:13  Drone x2  
  36  4:14  Drone  
  39  4:18  Extractor x2  
  37  4:24  Glial Reconstitution  
  37  4:36  Drone x3  
  37  4:37  Drone  
  37  4:38  Drone x2  
  42  4:43  Overlord  
  43  4:51  Overlord  
  43  5:03  Drone  
  43  5:04  Drone x2  
  43  5:05  Drone  
  43  5:06  Drone  
  48  5:10  Overlord x2  
  48  5:11  Overlord  
  48  5:48  Drone  
  49  5:50  Nydus Network  
  49  5:56  Overlord  
  49  5:57  Overlord  
  48  5:58  Roach x4  
  48  5:59  Roach x3  
  48  6:01  Roach  
  48  6:02  Roach x2  
  68  6:28  Roach x4  
  68  6:29  Roach x2  
  80  6:42  Roach x3  
  86  7:00  Hatchery  
  85  7:04  Roach x4  
  85  7:05  Roach x3  
  85  7:06  Overlord  
  99  7:30  Nydus Canal  
  99  7:57  Roach x5  
  101  8:11  Roach x2  
  101  8:12  Roach x7  
  107  8:13  Roach  
  93  8:30  Roach  
  93  8:31  Roach x4  
  80  8:46  Drone  
  80  8:47  Drone x2  
  73  8:50  Queen x2  
  77  9:03  Drone x2  
  79  9:10  Hatchery  
  50  9:49  Roach  
  50  9:50  Roach x5  
  56  10:03  Roach x2  
  57  10:28  Drone x3  
  57  10:29  Drone x2  
  57  10:30  Queen  
  57  10:34  Drone x3  
  66  10:46  Drone x6  
  66  10:48  Drone  
  73  10:53  Overseer  
  73  11:04  Drone x3  
  73  11:05  Drone  
  77  11:14  Drone x2  
  77  11:15  Drone x2  
  81  11:21  Drone x2  
  83  11:31  Drone x2  
  85  11:36  Drone x4  
  85  11:37  Drone, Overlord  
  90  11:43  Infestation Pit  
  80  11:52  Roach x3  
Show
View Real Time Build Order
Export as new Build Order

Smeeeger Zerg - Winner!

Build Orders: Hatch First 

Get SALT Encoding   

  12  0:01  Drone  
  13  0:14  Overlord  
  13  0:19  Drone  
  14  0:33  Drone x2  
  16  0:36  Drone  
  17  0:47  Drone  
  18  1:02  Hatchery  
  17  1:11  Extractor  
  17  1:12  Drone  
  17  1:16  Drone  
  18  1:25  Spawning Pool  
  18  1:26  Drone  
  18  1:31  Drone  
  19  1:43  Overlord  
  19  2:14  Queen x2  
  23  2:15  Zergling x2  
  23  2:16  Zergling x4  
  23  2:19  Drone  
  27  2:24  Metabolic Boost  
  27  2:36  Drone  
  27  2:37  Drone  
  29  2:45  Drone  
  29  2:48  Overlord  
  30  2:53  Queen  
  32  3:04  Drone  
  32  3:05  Drone x2  
  35  3:07  Overlord  
  35  3:08  Overlord  
  33  3:39  Drone  
  33  3:40  Drone x4  
  37  3:47  Roach Warren  
  36  3:49  Evolution Chamber  
  36  3:50  Drone  
  36  3:51  Drone x3, Lair  
  39  4:01  Drone  
  40  4:04  Drone x2  
  40  4:06  Extractor  
  40  4:07  Extractor  
  40  4:25  Drone x3  
  40  4:26  Drone x3  
  40  4:30  Drone  
  47  4:32  Drone  
  47  4:34  Hatchery  
  49  4:45  Roach  
  49  4:46  Roach x2  
  49  4:47  Zergling x2  
  54  4:54  Overlord x2  
  54  4:56  Overlord  
  54  4:57  Glial Reconstitution  
  54  5:07  Roach  
  54  5:08  Roach x2  
  60  5:15  Roach x2  
  64  5:26  Zerg Missile Weapons Level 1  
  66  5:35  Roach  
  66  5:36  Roach x2  
  66  5:38  Overlord x3  
  66  5:40  Overlord x2  
  70  5:45  Drone  
  71  5:52  Roach x5  
  71  5:54  Roach  
  83  6:03  Queen  
  85  6:04  Drone x2  
  85  6:05  Drone  
  88  6:15  Drone x4  
  92  6:21  Roach  
  92  6:22  Roach x5  
  104  6:29  Ravager  
  104  6:30  Ravager  
  106  6:33  Overlord  
  106  6:34  Overlord  
  106  6:35  Roach  
  108  6:50  Drone x4  
  108  6:52  Roach x5  
  108  6:53  Roach  
  123  7:02  Drone x3  
  123  7:03  Drone  
  123  7:05  Extractor  
  123  7:07  Extractor  
  123  7:08  Overlord x2  
  125  7:09  Drone x2  
  125  7:15  Drone x3  
  130  7:24  Overlord  
  130  7:33  Burrow  
  130  7:38  Evolution Chamber  
  129  7:46  Roach x9  
  148  7:58  Roach x5  
  148  7:59  Roach x4  
  160  8:11  Roach x2  
  145  8:20  Roach  
  145  8:21  Roach  
  131  8:30  Roach x2  
  100  8:45  Roach x2  
  100  8:47  Hatchery  
  101  8:51  Queen  
  101  8:53  Queen  
  107  8:55  Roach  
  107  8:56  Roach  
  109  9:13  Roach x4  
  107  9:19  Roach  
  107  9:21  Roach  
  91  9:24  Roach, Zergling x2  
  91  9:25  Zergling x2  
  91  9:30  Roach  
  81  9:34  Roach x4  
  81  9:36  Zerg Ground Armor Level 1  
  81  9:37  Lair  
  83  9:44  Roach  
  83  9:45  Roach  
  78  10:10  Roach  
  78  10:11  Roach x4  
  88  10:21  Hatchery  
  88  10:27  Roach x5  
  97  10:30  Queen  
  99  10:41  Roach x4  
  107  10:43  Roach x4  
  107  10:45  Ravager x2  
  117  10:55  Roach x2  
  117  10:56  Roach x2  
  125  11:08  Extractor  
  124  11:15  Roach x4  
  132  11:25  Drone  
  132  11:26  Drone x2, Overlord x2  
  135  11:44  Roach  
  135  11:45  Roach x7  
  135  11:46  Roach  
  152  11:56  Roach x3  
Tags
 
Add a new tag
Caveats
  • Supply blocks, unpowered buildings, or Contaminate may cause inaccurate times.
  • Supply counts are checked every 10 seconds.